General information
- name: BNet
- type: Ladder 1vs1/FFA
- host: Battle.net
- saver: Ghocher
map: EchoIsles
- players: 2
- length: 29:16
- speed: Fast
- version: 1.23 W3XP
- replay type: Public
» download(73 KB)
Players
team 1 (winner)
Ghocher (
pink | 50 APM | 1477 actions | 29:16)
5 Blademaster
2 Wind Walk
3 Critical Strike
4 Tauren Chieftain
2 Endurance Aura
1 War Stomp
1 Shockwave
» actions
| Assign group hotkey | 20 | |
| Basic commands | 58 | |
| Build / train | 114 | |
| Enter build submenu | 58 | |
| Enter hero's abilities submenu | 9 | |
| Give item / drop item | 4 | |
| Remove unit from queue | 2 | |
| Right click | 391 | |
| Select / deselect | 523 | |
| Select group hotkey | 207 | |
| Use ability | 91 | |
1477 total
» units
| Peon | 47 | |
| Troll Headhunter/Berserker | 6 | |
53 total
» upgrades
| Ranged Weapons | 3 | |
| Troll Regeneration | 1 | |
| Spiked Barricades | 3 | |
| Armor | 3 | |
| Reinforced Defenses | 1 | |
| Berserker Strength | 1 | |
| Berserker Upgrade | 1 | |
| Burning Oil | 1 | |
| Melee Weapons | 3 | |
| Pillage | 1 | |
| Witch Doctor Training | 2 | |
| Shaman Training | 2 | |
| Spirit Walker Training | 2 | |
| Ensnare | 1 | |
| Envenomed Spears | 1 | |
| Liquid Fire | 1 | |
| War Drums Damage Increase | 1 | |
| Pulverize | 1 | |
29 total
» buildings
| Altar of Storms | 1 | |
| Orc Burrow | 5 | |
| Barracks | 1 | |
| War Mill | 13 | |
| Voodoo Lounge | 1 | |
| Stronghold | 2 | |
| Great Hall | 2 | |
| Fortress | 1 | |
| Watch Tower | 22 | |
| Spirit Lodge | 2 | |
| Beastiary | 1 | |
| Tauren Totem | 2 | |
53 total
» build order
00:04 Altar of Storms
00:17 Orc Burrow
00:37 Barracks
01:27 Orc Burrow
01:40 War Mill
02:44 Orc Burrow
03:28 Voodoo Lounge
03:57 Stronghold
06:43 Great Hall
06:51 Orc Burrow
09:24 Great Hall
09:37 Orc Burrow
10:44 War Mill
13:27 War Mill
14:38 Fortress
15:36 Watch Tower
15:38 Watch Tower
15:40 Watch Tower
16:48 Watch Tower
16:52 Watch Tower
17:07 Watch Tower
17:09 Watch Tower
17:11 Watch Tower
17:13 Watch Tower
17:17 Watch Tower
17:19 Watch Tower
17:21 Watch Tower
17:56 Watch Tower
17:57 Watch Tower
18:14 Watch Tower
18:17 Watch Tower
18:19 Watch Tower
18:22 Watch Tower
19:29 Watch Tower
19:31 Watch Tower
19:32 Watch Tower
21:02 Watch Tower
21:03 Spirit Lodge
21:05 Spirit Lodge
21:48 Beastiary
21:53 Tauren Totem
23:26 Tauren Totem
27:02 War Mill
27:06 War Mill
27:09 War Mill
27:12 War Mill
27:16 War Mill
27:20 War Mill
27:28 War Mill
27:36 War Mill
27:53 War Mill
28:47 War Mill
29:04 Stronghold
» items
| Healing Salve | 4 | |
| Lesser Clarity Potion | 2 | |
| Orb of Lightning | 2 | |
| Gloves of Haste | 1 | |
| Claws of Attack +6 | 1 | |
| Boots of Speed | 2 | |
| Staff of Teleportation | 2 | |
| Potion of Lesser Invulnerability | 2 | |
16 total
team 2 (loser)

»
GHWNS123 (
red | 43 APM | 1244 actions | 29:13)
» actions
| Basic commands | 81 | |
| Build / train | 84 | |
| ESC pressed | 3 | |
| Enter build submenu | 25 | |
| Right click | 495 | |
| Select / deselect | 506 | |
| Use ability | 50 | |
1244 total
» units
| Peon | 46 | |
| Grunt | 19 | |
| Troll Headhunter/Berserker | 9 | |
74 total
» upgrades
| Pillage | 1 | |
| Melee Weapons | 1 | |
| Ranged Weapons | 1 | |
3 total
» buildings
| Altar of Storms | 1 | |
| Orc Burrow | 6 | |
| Barracks | 1 | |
| War Mill | 1 | |
| Stronghold | 1 | |
| Watch Tower | 8 | |
| Fortress | 2 | |
20 total
» build order
00:50 Altar of Storms
02:18 Orc Burrow
04:12 Orc Burrow
09:31 Orc Burrow
09:37 Orc Burrow
09:42 Orc Burrow
10:56 Barracks
14:30 War Mill
14:50 Stronghold
18:13 Orc Burrow
18:46 Watch Tower
20:03 Fortress
20:30 Watch Tower
20:52 Watch Tower
21:00 Watch Tower
21:04 Watch Tower
21:08 Watch Tower
21:31 Watch Tower
21:34 Watch Tower
23:10 Fortress
Chat log
(00:08 / All) Ghocher: gl